[Event "Titled Tuesday Blitz July 18 Early 2023"]
[White "Villarreal, Agustin"]
[Black "Vovk, Orest"]
[WhiteFideId "125687"]
[BlackFideId "14113490"]
[WhiteElo "2388"]
[BlackElo "2572"]
[Result "0-1"]
[Round "5"]
[TimeControl "180+2"]
[Date "2023.07.18"]
[WhiteClock "0:00:12"]
[BlackClock "0:00:04"]
[Board "141"]

1. e4 g5 2. d4 g4 3. Nc3 Bg7 4. Be3 d6 5. Qd2 c6 6. h3 h5 7. hxg4 hxg4 8. Rxh8 Bxh8 9. O-O-O Qa5 10. Kb1 b5 11. Bd3 Be6 12. b3 b4 13. Na4 Nd7 14. Ne2 Nb6 15. Nb2 Qa3 16. Rh1 Bf6 17. Nf4 a5 18. Nxe6 fxe6 19. Qc1 a4 20. Nc4 Nxc4 21. Bxc4 d5 22. Qxa3 bxa3 23. Bd3 axb3 24. cxb3 e5 25. exd5 exd4 26. Bf4 cxd5 27. Bb5+ Kf7 28. Rh7+ Ke6 29. Be2 Kf5 30. Bd3+ Kxf4 31. g3+ Kf3 32. Rh2 Rc8 33. Bc2 Rc3 34. Kc1 d3 35. Kd2 Rxc2+ 36. Kxd3 Rxa2 37. Rh5 e5 38. Rf5+ Kg2 39. Rh5 Rxf2 40. b4 a2 41. Rh7 a1=Q 0-1


[Site "https://www.chess.com"]

[Event "Titled Tuesday Blitz July 18 Early 2023"]
[White "Souleidis, Georgios"]
[Black "Tarasova, Viktoriya"]
[WhiteFideId "4206827"]
[BlackFideId "4175840"]
[WhiteElo "2561"]
[BlackElo "2374"]
[Result "1-0"]
[Round "5"]
[TimeControl "180+2"]
[Date "2023.07.18"]
[WhiteClock "0:01:14"]
[BlackClock "0:00:07"]
[Board "142"]

1. e4 e5 2. Nc3 Nf6 3. d4 d5 4. dxe5 Nxe4 5. Qxd5 Nxc3 6. Qxd8+ Kxd8 7. bxc3 Nc6 8. Bg5+ Be7 9. O-O-O+ Ke8 10. Bxe7 Kxe7 11. f4 Be6 12. a3 Rhd8 13. Rxd8 Rxd8 14. Nf3 Bg4 15. Be2 h6 16. h3 Be6 17. Rd1 Rxd1+ 18. Kxd1 f6 19. exf6+ Kxf6 20. g4 Ne7 21. f5 Bd7 22. Kd2 Nd5 23. c4 Nf4 24. Bf1 Bc6 25. Ke3 Bxf3 26. Kxf4 Bd1 27. Bd3 b6 28. h4 a5 29. g5+ hxg5+ 30. hxg5+ Ke7 31. Ke5 Bh5 32. f6+ gxf6+ 33. gxf6+ Kf7 34. Bf5 Bf3 35. Be6+ Kf8 36. c3 Bc6 37. Bd5 Bd7 38. Be6 Bc6 39. Kd4 Be8 40. c5 b5 41. Kd5 a4 42. c6 Bf7 43. Bxf7 Kxf7 44. Kc5 Kxf6 45. Kxb5 Ke6 46. Kxa4 Kd6 47. Kb5 1-0


[Site "https://www.chess.com"]

[Event "Titled Tuesday Blitz July 18 Early 2023"]
[White "Lana Rodriguez, David"]
[Black "ArturoCaceres"]
[WhiteFideId "2270803"]
[WhiteElo "2558"]
[BlackElo "2378"]
[Result "0-1"]
[Round "5"]
[TimeControl "180+2"]
[Date "2023.07.18"]
[WhiteClock "0:00:16"]
[BlackClock "0:00:04"]
[Board "143"]

1. e4 c5 2. Nf3 f6 3. d4 cxd4 4. Nxd4 Nc6 5. Bc4 e6 6. Be3 Kf7 7. Nc3 Nge7 8. O-O a6 9. a4 g6 10. f4 Qc7 11. Ba2 f5 12. exf5 gxf5 13. Qh5+ Kg7 14. Rf3 Ng6 15. Nxc6 dxc6 16. Bd4+ Kg8 17. Bxh8 Kxh8 18. Rd1 Bc5+ 19. Kh1 Bd7 20. Rfd3 Nxf4 21. Qxh7+ Kxh7 22. Rxd7+ Qxd7 23. Rxd7+ Kg6 24. g3 Nd5 25. Rxb7 Kf6 26. Ne2 Rd8 27. Bxd5 cxd5 28. Rc7 Bd6 29. Rc6 Be5 30. c3 Rb8 31. b4 Ke7 32. Kg2 Ra8 33. Kf3 Kd7 34. Rb6 Bc7 35. a5 Bxb6 36. axb6 Rb8 37. h4 Rxb6 38. Kf4 Kd6 39. h5 Rb8 40. Kg5 Rg8+ 41. Kf6 Rh8 42. Kg6 Ke7 43. h6 Rg8+ 44. Kh5 Kf6 45. Nf4 Rg5+ 46. Kh4 Rg4+ 47. Kh3 e5 48. Nxd5+ Kg6 49. Ne7+ Kxh6 50. Nxf5+ Kg5 51. Nd6 Kh5 52. Kg2 Rg6 53. Nc4 Rc6 54. g4+ Kg5 55. Nxe5 Rxc3 56. Kf2 Rb3 57. Nc6 Kxg4 58. Ke2 Kf4 59. Kd2 Ke4 60. Kc2 Rh3 61. Kb2 Kd5 62. Na5 Rg3 63. Kc2 Kd6 64. Kb2 Kc7 65. Nc4 Kc6 66. Na3 Kb6 67. Ka2 Rh3 68. Kb2 Kc6 69. Ka2 Kd5 70. Kb2 Kd4 71. Kc2 Rxa3 72. Kb2 Rh3 73. Kc2 Kc4 74. b5 axb5 0-1


[Site "https://www.chess.com"]

[Event "Titled Tuesday Blitz July 18 Early 2023"]
[White "Ionescu, Mihai"]
[Black "Slovineanu, Viacheslav"]
[WhiteFideId "1202499"]
[BlackFideId "13900510"]
[WhiteElo "2545"]
[BlackElo "2373"]
[Result "0-1"]
[Round "5"]
[TimeControl "180+2"]
[Date "2023.07.18"]
[WhiteClock "0:00:01"]
[BlackClock "0:00:17"]
[Board "144"]

1. Nf3 d5 2. g3 Nd7 3. d4 Ngf6 4. Bg2 e6 5. O-O b5 6. b3 Bb7 7. Nbd2 c5 8. dxc5 Bxc5 9. Bb2 O-O 10. Rc1 a5 11. c4 dxc4 12. bxc4 b4 13. Qa4 Qc7 14. Nd4 Bxg2 15. Kxg2 Bxd4 16. Bxd4 e5 17. Bb2 Nc5 18. Qc2 Rfe8 19. Nb3 Nfd7 20. Nxc5 Nxc5 21. Rfd1 a4 22. Rd5 b3 23. axb3 axb3 24. Qb1 f6 25. Rcd1 Red8 26. Bc1 Rxd5 27. cxd5 Rb8 28. Be3 Na4 29. d6 Qb7+ 30. Kg1 Nc3 31. Qd3 Nxd1 32. Qxd1 b2 33. Qb1 Ra8 34. Bc5 Ra1 0-1


[Site "https://www.chess.com"]

[Event "Titled Tuesday Blitz July 18 Early 2023"]
[White "Li, Hui"]
[Black "Keleberda, Tymur"]
[WhiteFideId "15400310"]
[BlackFideId "14174294"]
[WhiteElo "2353"]
[BlackElo "2515"]
[Result "1-0"]
[Round "5"]
[TimeControl "180+2"]
[Date "2023.07.18"]
[WhiteClock "0:00:12"]
[BlackClock "0:00:00"]
[Board "145"]

1. e4 c5 2. Nf3 a6 3. c4 Nc6 4. d4 cxd4 5. Nxd4 g6 6. Nc3 Bg7 7. Be3 e6 8. Be2 Nge7 9. O-O O-O 10. c5 d5 11. cxd6 Qxd6 12. Nxc6 Qxc6 13. Rc1 Qe8 14. Qd2 b5 15. Bh6 Bb7 16. Bxg7 Kxg7 17. b4 Nc6 18. Qb2 e5 19. Rfd1 Nd4 20. Bf1 Rc8 21. f3 Qd8 22. Ne2 Rxc1 23. Qxc1 Nxe2+ 24. Bxe2 Qb6+ 25. Kf1 Rc8 26. Qd2 h5 27. Qd6 Qxd6 28. Rxd6 Rc7 29. Ke1 Kf8 30. Kd2 Ke7 31. Rd3 Bc8 32. Rc3 Rxc3 33. Kxc3 h4 34. g3 Be6 35. a3 Kf6 36. Kd2 Kg5 37. Ke3 f5 38. exf5 gxf5 39. f4+ exf4+ 40. gxf4+ Kf6 41. Kd4 Bc8 42. Kd5 Bb7+ 43. Kd6 1-0


[Site "https://www.chess.com"]

[Event "Titled Tuesday Blitz July 18 Early 2023"]
[White "Pourkashiyan, Atousa"]
[Black "Michalczak, Thomas"]
[WhiteFideId "12502014"]
[BlackFideId "4622634"]
[WhiteElo "2319"]
[BlackElo "2510"]
[Result "0-1"]
[Round "5"]
[TimeControl "180+2"]
[Date "2023.07.18"]
[WhiteClock "0:00:00"]
[BlackClock "0:00:10"]
[Board "146"]

1. e4 e5 2. Nf3 Nc6 3. Bb5 a6 4. Ba4 Nf6 5. O-O Be7 6. Re1 b5 7. Bb3 O-O 8. a4 b4 9. d3 d6 10. Nbd2 Na5 11. Ba2 c5 12. Nf1 b3 13. cxb3 Nc6 14. Ne3 Nb4 15. Bb1 Be6 16. Bd2 h6 17. Bxb4 cxb4 18. d4 Qb8 19. d5 Bd7 20. Bd3 Rc8 21. Qe2 a5 22. Rac1 Rxc1 23. Rxc1 Qd8 24. Nd2 Rc8 25. Qd1 Rxc1 26. Qxc1 Qb6 27. h3 Bd8 28. Qc4 Nh5 29. Bf1 Nf4 30. Kh2 g6 31. g3 Nh5 32. Be2 Nf6 33. Kg2 Kg7 34. Ng4 Ne8 35. Qd3 h5 36. Ne3 Nf6 37. Qc4 Nh7 38. Nf3 Nf6 39. Bd3 Ne8 40. Qa6 Qd4 41. Bc4 Qxb2 42. Qa8 Bb6 43. Nd1 Qc1 44. Qb8 Bc5 45. Be2 Qc2 46. Qb7 Bxh3+ 47. Kxh3 Qxe2 48. Kg2 Qxd1 49. Qd7 Qe2 0-1


[Site "https://www.chess.com"]

[Event "Titled Tuesday Blitz July 18 Early 2023"]
[White "MateoReyes"]
[Black "La Villa Rivas, Marlon Javier"]
[BlackFideId "3519546"]
[WhiteElo "2504"]
[BlackElo "2243"]
[Result "0-1"]
[Round "5"]
[TimeControl "180+2"]
[Date "2023.07.18"]
[WhiteClock "0:00:00"]
[BlackClock "0:00:07"]
[Board "149"]

1. Nf3 d5 2. d4 Nf6 3. c4 e6 4. Nc3 Bb4 5. Bg5 O-O 6. a3 Be7 7. e3 c5 8. Be2 Nc6 9. O-O cxd4 10. exd4 dxc4 11. Bxc4 Nd5 12. Bxe7 Ndxe7 13. Rc1 Qa5 14. Ba2 Rd8 15. Re1 Nf5 16. Bb1 Nfxd4 17. Nxd4 Nxd4 18. Qg4 e5 19. Qh4 Bf5 20. Bxf5 Nxf5 21. Qg5 g6 22. Ne4 Rac8 23. Nf6+ Kg7 24. Nh5+ Kg8 25. Qf6 Rxc1 26. Rxc1 Qd2 27. Rf1 Rd6 28. Qxe5 gxh5 29. Qxf5 Qxb2 30. h3 Qxa3 31. Re1 Qc3 32. Re8+ Kg7 33. Re7 Rf6 34. Qxh5 Qc1+ 35. Kh2 Qf4+ 36. Kh1 Qxf2 37. Qd5 Qf1+ 38. Kh2 Qf4+ 39. Kh1 Qc1+ 40. Kh2 Qf4+ 41. Kh1 a5 42. Rxb7 a4 43. Ra7 a3 44. Ra5 Rg6 45. Qf3 Qc1+ 46. Kh2 Qc7+ 47. Kh1 Qxa5 48. Qe3 a2 49. Qd4+ Rf6 50. Qg4+ Rg6 51. Qd4+ f6 52. Qd7+ Kh6 0-1


[Site "https://www.chess.com"]

[Event "Titled Tuesday Blitz July 18 Early 2023"]
[White "Wartiovaara, Oliver"]
[Black "Wagh Suyog"]
[WhiteFideId "513024"]
[BlackFideId "25071688"]
[WhiteElo "2480"]
[BlackElo "2799"]
[Result "0-1"]
[Round "5"]
[TimeControl "180+2"]
[Date "2023.07.18"]
[WhiteClock "0:00:00"]
[BlackClock "0:00:13"]
[Board "150"]

1. Nc3 e6 2. d4 d5 3. e4 Bb4 4. e5 c5 5. a3 Bxc3+ 6. bxc3 b6 7. Qg4 Kf8 8. Qd1 Ba6 9. a4 Bxf1 10. Kxf1 Ne7 11. dxc5 bxc5 12. c4 Nd7 13. Nf3 Qc7 14. cxd5 Nxd5 15. c4 Nb4 16. Qe2 Nc6 17. Bf4 h6 18. h4 Nd4 19. Nxd4 cxd4 20. Rh3 Nc5 21. Rd1 Rd8 22. Qh5 Qc6 23. Rf3 Rd7 24. Bc1 Qxa4 25. Re1 Qxc4+ 26. Kg1 d3 27. Be3 d2 28. Rd1 Ne4 29. Rf4 Qd3 30. Qf3 f5 31. exf6 Nxf6 32. Qa8+ Rd8 33. Qxa7 Qc2 34. Qa1 Kf7 35. Bd4 Ra8 36. Qb1 Qxb1 37. Rxb1 Rhc8 38. Be3 Ra2 39. Rd4 Rcc2 40. Rd1 Nd5 41. Bxd2 Kf6 42. Be1 Re2 43. Rc1 Ke5 44. Rd3 Ke4 45. Rg3 Nf4 46. Kf1 Nd3 47. Rc4+ Kd5 48. Rxd3+ Kxc4 49. Rg3 Re5 50. Rxg7 Ra1 51. Rc7+ Kb5 0-1


[Site "https://www.chess.com"]

[Event "Titled Tuesday Blitz July 18 Early 2023"]
[White "Thiel, Thomas"]
[Black "Filgueira, Hernan"]
[WhiteFideId "4615964"]
[BlackFideId "101770"]
[WhiteElo "2241"]
[BlackElo "2584"]
[Result "1/2-1/2"]
[Round "5"]
[TimeControl "180+2"]
[Date "2023.07.18"]
[WhiteClock "0:01:24"]
[BlackClock "0:01:44"]
[Board "151"]

1. e4 c5 2. Nc3 e6 3. Nge2 a6 4. g3 Nc6 5. Bg2 Nf6 6. O-O Qc7 7. d4 cxd4 8. Nxd4 Bc5 9. Nxc6 dxc6 10. Bg5 e5 11. Bxf6 gxf6 12. Qh5 Be6 13. Bh3 O-O-O 14. Bxe6+ fxe6 15. Rad1 Bd4 16. Rd3 Qb6 17. Na4 Qb5 18. b3 Qa5 19. Qf7 Rde8 20. c3 Rhf8 21. Qg7 Rg8 22. Qf7 Rgf8 23. Qg7 Rg8 24. Qf7 Rgf8 1/2-1/2


[Site "https://www.chess.com"]

[Event "Titled Tuesday Blitz July 18 Early 2023"]
[White "UgarteCesar"]
[Black "Gavrilov, Maxim"]
[BlackFideId "24271454"]
[WhiteElo "2183"]
[BlackElo "2546"]
[Result "0-1"]
[Round "5"]
[TimeControl "180+2"]
[Date "2023.07.18"]
[WhiteClock "0:00:32"]
[BlackClock "0:01:03"]
[Board "152"]

1. d4 Nf6 2. Bg5 c5 3. Bxf6 exf6 4. d5 b5 5. g3 Bb7 6. Bg2 Bd6 7. e3 O-O 8. Ne2 a5 9. O-O Re8 10. Nd2 Na6 11. c3 a4 12. a3 Qb6 13. c4 Nc7 14. Qc2 b4 15. Rfb1 g6 16. b3 axb3 17. Rxb3 f5 18. Rab1 Na6 19. axb4 Nxb4 20. Nc3 Be5 21. Rxb4 cxb4 22. Nb5 Qc5 23. Qb3 Ra1 24. Bf1 Rxb1 25. Qxb1 Ra8 26. Nb3 Qf8 27. h4 Bc3 28. Qc2 Qg7 29. N5d4 Rc8 30. Be2 Ba6 31. Qa2 Bxc4 32. Bxc4 Rxc4 33. Qa8+ Qf8 34. Qa6 Qc8 35. h5 Qxa6 0-1


[Site "https://www.chess.com"]

[Event "Titled Tuesday Blitz July 18 Early 2023"]
[White "Korpics, Zsolt"]
[Black "Sreyas Payyappat"]
[WhiteFideId "705241"]
[BlackFideId "46674969"]
[WhiteElo "2333"]
[BlackElo "2513"]
[Result "0-1"]
[Round "5"]
[TimeControl "180+2"]
[Date "2023.07.18"]
[WhiteClock "0:00:13"]
[BlackClock "0:00:31"]
[Board "154"]

1. e4 c6 2. Nf3 d5 3. Nc3 dxe4 4. Nxe4 Nf6 5. Qe2 Nxe4 6. Qxe4 Nd7 7. Bc4 Nf6 8. Ne5 e6 9. Qe2 b5 10. Bb3 Qc7 11. O-O Bd6 12. d4 Bb7 13. h3 O-O 14. c3 a6 15. a4 c5 16. Bg5 Nd5 17. Bd2 c4 18. Bc2 f6 19. Nf3 Rae8 20. axb5 axb5 21. Ra7 Qb6 22. Rfa1 Bb8 23. R7a5 Qc6 24. b3 e5 25. bxc4 bxc4 26. Ba4 exd4 27. Bxc6 Rxe2 28. Bxb7 Nxc3 29. Bxc3 dxc3 30. Bd5+ Kh8 31. Bxc4 Rb2 32. Rc1 Rc8 33. Be6 Rc6 34. Bd5 Rc8 35. g3 c2 36. Kg2 Rb1 37. Rxc2 Rxc2 38. Be4 Rcb2 39. Bxb1 Rxb1 40. Ra8 h6 41. Nd4 Kh7 42. Nc6 Bd6 43. Nd4 Bc5 44. Nf5 Rb2 45. g4 Rxf2+ 46. Kg3 g6 47. Rc8 gxf5 48. Rxc5 Rf1 49. Rxf5 Rxf5 50. gxf5 Kg7 51. Kf4 Kf7 52. Ke4 Ke7 53. h4 Kd6 54. Kd4 h5 55. Ke4 Kc5 56. Ke3 Kd5 57. Kf4 Kd4 58. Kf3 Ke5 59. Kg3 Kxf5 60. Kf3 Ke5 61. Ke3 f5 62. Kf3 f4 63. Kf2 Ke4 64. Ke2 Kf5 65. Kf3 Ke5 66. Kf2 Ke6 67. Kf3 Kf5 68. Kf2 Kg4 69. Kg2 Kxh4 70. Kf3 Kg5 71. Kg2 Kg4 72. Kh2 h4 73. Kg2 h3+ 74. Kh2 f3 75. Kg1 Kg3 76. Kh1 Kf4 77. Kh2 f2 78. Kxh3 f1=Q+ 79. Kh2 Qf3 80. Kg1 Qe2 81. Kh1 Kg3 82. Kg1 Qe1# 0-1


[Site "https://www.chess.com"]

[Event "Titled Tuesday Blitz July 18 Early 2023"]
[White "Buscar, Michael"]
[Black "ArtemDyachuk"]
[WhiteFideId "2603616"]
[WhiteElo "2329"]
[BlackElo "2505"]
[Result "0-1"]
[Round "5"]
[TimeControl "180+2"]
[Date "2023.07.18"]
[WhiteClock "0:00:03"]
[BlackClock "0:01:32"]
[Board "155"]

1. Nf3 Nf6 2. c4 c5 3. g3 b6 4. Bg2 Bb7 5. O-O e6 6. b3 Be7 7. Bb2 O-O 8. d4 cxd4 9. Qxd4 d6 10. Nc3 Nbd7 11. Rfd1 a6 12. Ba3 Nc5 13. Rac1 Rc8 14. Ne1 Bxg2 15. Nxg2 Qc7 16. e4 Ng4 17. f4 d5 18. cxd5 Nxb3 19. axb3 Bxa3 20. d6 Qd7 21. b4 a5 22. Qxb6 Bxb4 23. Na4 Rxc1 24. Rxc1 Qxa4 25. e5 Qa3 26. Rd1 Bc5+ 0-1


[Site "https://www.chess.com"]

[Event "Titled Tuesday Blitz July 18 Early 2023"]
[White "Saucey, Michel"]
[Black "Yeritsyan, Hayk"]
[WhiteFideId "601845"]
[BlackFideId "13307320"]
[WhiteElo "2319"]
[BlackElo "2504"]
[Result "0-1"]
[Round "5"]
[TimeControl "180+2"]
[Date "2023.07.18"]
[WhiteClock "0:01:57"]
[BlackClock "0:02:10"]
[Board "156"]

1. d4 d5 2. c4 e6 3. Nf3 Nf6 4. Nc3 c6 5. e3 Bd6 6. Bd3 Nbd7 7. b3 Qe7 8. O-O e5 9. dxe5 Nxe5 10. Be2 Nxf3+ 11. Bxf3 Qe5 0-1


[Site "https://www.chess.com"]

[Event "Titled Tuesday Blitz July 18 Early 2023"]
[White "Alfaro, William"]
[Black "Roberson, Peter T"]
[WhiteFideId "6100457"]
[BlackFideId "412384"]
[WhiteElo "2314"]
[BlackElo "2501"]
[Result "1-0"]
[Round "5"]
[TimeControl "180+2"]
[Date "2023.07.18"]
[WhiteClock "0:00:26"]
[BlackClock "0:00:17"]
[Board "157"]

1. Nf3 b6 2. c4 Bb7 3. Nc3 g6 4. e4 Bg7 5. d4 d6 6. h4 h6 7. Be3 Nf6 8. Bd3 Nbd7 9. e5 Ng4 10. e6 Ndf6 11. exf7+ Kxf7 12. Qc2 Rf8 13. Bxg6+ Kg8 14. O-O-O e6 15. Bf4 Nd7 16. Bg3 Qf6 17. Rhe1 Kh8 18. h5 Bxf3 19. gxf3 Qxf3 20. Be4 Qf7 21. Bxa8 Rxa8 22. Qe4 Re8 23. Qxg4 Nf6 24. Qg6 Qf8 25. Ne4 Nd7 26. Nc3 e5 27. dxe5 Nc5 28. exd6 Rxe1 29. Rxe1 Bxc3 30. Re8 Nd3+ 31. Kc2 Ne1+ 32. Kxc3 cxd6 33. Rxf8# 1-0


[Site "https://www.chess.com"]

[Event "Titled Tuesday Blitz July 18 Early 2023"]
[White "Gulamali, Kazim"]
[Black "Martin, Lewis"]
[WhiteFideId "2024764"]
[BlackFideId "410551"]
[WhiteElo "2500"]
[BlackElo "2298"]
[Result "1-0"]
[Round "5"]
[TimeControl "180+2"]
[Date "2023.07.18"]
[WhiteClock "0:01:50"]
[BlackClock "0:01:32"]
[Board "158"]

1. e4 c5 2. Nf3 d6 3. d4 cxd4 4. Nxd4 Nf6 5. Nc3 a6 6. Be3 e5 7. Nb3 Be7 8. f3 O-O 9. Qd2 Be6 10. Nd5 Nxd5 11. exd5 Bf5 12. c4 Nd7 13. Na5 Qc7 14. b4 Bg6 15. Be2 f5 16. O-O f4 17. Bf2 e4 18. Bd4 e3 19. Qc3 Bf6 20. Rac1 Rac8 21. Rfd1 Bxd4 22. Qxd4 Ne5 23. Nb3 Rfe8 24. c5 dxc5 25. bxc5 Rcd8 26. Qxf4 Rf8 27. d6 Qxd6 28. Rxd6 1-0


[Site "https://www.chess.com"]

[Event "Titled Tuesday Blitz July 18 Early 2023"]
[White "Ansh M Shah"]
[Black "Wang, Alexander J"]
[WhiteFideId "25033379"]
[BlackFideId "30955270"]
[WhiteElo "2495"]
[BlackElo "2290"]
[Result "0-1"]
[Round "5"]
[TimeControl "180+2"]
[Date "2023.07.18"]
[WhiteClock "0:00:32"]
[BlackClock "0:00:24"]
[Board "159"]

1. d3 d5 2. Nf3 c5 3. g3 Nf6 4. Bg2 Nc6 5. O-O e5 6. c4 dxc4 7. dxc4 Qxd1 8. Rxd1 Be6 9. b3 h6 10. Bb2 Nd7 11. Nc3 a6 12. Nd5 Bxd5 13. cxd5 Nd4 14. e3 Nxf3+ 15. Bxf3 Bd6 16. e4 Ke7 17. Bg2 b5 18. Rf1 Rac8 19. f4 f6 20. Bh3 Rhd8 21. Rf3 c4 22. Raf1 Bc5+ 23. Kh1 Bd4 24. Ba3+ Bc5 25. Bxc5+ Rxc5 26. fxe5 Nxe5 27. Rc3 b4 28. Rc2 c3 29. Be6 a5 30. h3 a4 31. g4 axb3 32. axb3 Ra8 33. Rd1 Kd6 34. Kg2 Ra3 35. Rb1 Rca5 36. Kf2 Ra2 37. Rc1 Nd3+ 38. Ke3 Nxc1 39. Rxc1 Ra1 40. Rc2 R5a2 41. Rxa2 Rxa2 42. Kd3 Rd2+ 43. Ke3 Rh2 44. h4 c2 0-1


[Site "https://www.chess.com"]

[Event "Titled Tuesday Blitz July 18 Early 2023"]
[White "SicilianPanzer"]
[Black "Mmukka"]
[WhiteElo "2281"]
[BlackElo "2481"]
[Result "0-1"]
[Round "5"]
[TimeControl "180+2"]
[Date "2023.07.18"]
[WhiteClock "0:00:00"]
[BlackClock "0:00:20"]
[Board "160"]

1. e4 c5 2. Nf3 e6 3. b3 d5 4. exd5 exd5 5. Bb2 Nc6 6. Bb5 Qe7+ 7. Qe2 Qxe2+ 8. Bxe2 Bf5 9. Na3 O-O-O 10. O-O-O f6 11. d4 Nh6 12. h3 Nf7 13. Rhe1 Be4 14. g3 cxd4 15. Nxd4 Nxd4 16. Rxd4 Bc5 17. f3 Bxd4 18. Bxd4 Bf5 19. g4 Bd7 20. Bxa7 Rde8 21. Nb1 h5 22. Nc3 Bc6 23. Rg1 hxg4 24. Rxg4 g5 25. Bd4 Re6 26. Bd3 Nd6 27. f4 Rxh3 28. fxg5 fxg5 29. Rxg5 Ne4 30. Rg8+ Kd7 31. Ne2 Rf3 32. Rg7+ Re7 33. Rxe7+ Kxe7 34. Nc3 Ke6 35. a4 Kf5 36. Kb2 Kf4 37. Ne2+ Kg5 38. Nc3 Rh3 39. b4 Nxc3 40. Bxc3 Bxa4 41. Bd2+ Kf6 42. b5 Ke5 43. Ka3 Bxb5 44. Bc3+ d4 45. Bxb5 Rxc3+ 0-1


[Site "https://www.chess.com"]

[Event "Titled Tuesday Blitz July 18 Early 2023"]
[White "Zampronha, Wladimir Camilo"]
[Black "Erzhanov, Arman"]
[WhiteFideId "2103087"]
[BlackFideId "4138821"]
[WhiteElo "2281"]
[BlackElo "2479"]
[Result "0-1"]
[Round "5"]
[TimeControl "180+2"]
[Date "2023.07.18"]
[WhiteClock "0:00:33"]
[BlackClock "0:01:42"]
[Board "161"]

1. e4 d6 2. d4 Nf6 3. Nc3 c6 4. f4 d5 5. e5 Ng8 6. Nf3 h5 7. Be3 Nh6 8. Be2 g6 9. O-O Bg4 10. Qd2 e6 11. Nd1 Be7 12. Nf2 Nd7 13. c4 Kf8 14. cxd5 cxd5 15. Ng5 Bxe2 16. Qxe2 Nf5 17. Nd3 Kg7 18. Rac1 Qb6 19. Nc5 Nxc5 20. dxc5 Qa5 21. a3 Rac8 22. Rf3 Nxe3 23. Rxe3 Bxc5 24. Rxc5 Qxc5 25. Nf3 Qb6 26. h3 Rc1+ 27. Kh2 Rhc8 28. f5 exf5 29. Nh4 Qd4 30. Nxf5+ gxf5 31. Rg3+ Kf8 32. Re3 Qf4+ 33. g3 Qf1 34. Qd2 Qg1# 0-1


[Site "https://www.chess.com"]

[Event "Titled Tuesday Blitz July 18 Early 2023"]
[White "vishwa_vijeta"]
[Black "Ljukin, Sergei"]
[BlackFideId "14102200"]
[WhiteElo "2280"]
[BlackElo "2475"]
[Result "1-0"]
[Round "5"]
[TimeControl "180+2"]
[Date "2023.07.18"]
[WhiteClock "0:01:05"]
[BlackClock "0:00:00"]
[Board "162"]

1. e4 e6 2. d4 d5 3. Bd3 dxe4 4. Bxe4 Nf6 5. Bf3 Nbd7 6. Ne2 Bd6 7. c4 e5 8. Nbc3 exd4 9. Nxd4 Ne5 10. Be2 O-O 11. O-O Bg4 12. Bxg4 Nfxg4 13. h3 Nf6 14. b3 Bc5 15. Be3 Qd7 16. Nc2 Bxe3 17. Nxe3 Qe6 18. Re1 c6 19. Qc2 Rad8 20. Rad1 Rxd1 21. Rxd1 Ng6 22. Ne2 h6 23. Nd4 Qe5 24. Nf3 Qa5 25. Nf5 Re8 26. Nd6 Re7 27. Nf5 Rd7 28. Rxd7 Nxd7 29. Ne3 Nf6 30. Qd2 Qxd2 31. Nxd2 Kf8 32. Kf1 Nf4 33. g3 Nd3 34. a3 a5 35. Ke2 Ne5 36. f4 Ned7 37. Nd1 Ke7 38. Ke3 Kd6 39. Nc3 Nc5 40. b4 axb4 41. axb4 Ne6 42. Nde4+ Nxe4 43. Nxe4+ Ke7 44. c5 Nc7 45. Kd4 Nd5 46. b5 Ke6 47. Nd6 cxb5 48. f5+ 1-0


[Site "https://www.chess.com"]

[Event "Titled Tuesday Blitz July 18 Early 2023"]
[White "Magallanes, Rey Jomar"]
[Black "Liu, Casper"]
[WhiteFideId "5205948"]
[BlackFideId "1454153"]
[WhiteElo "2273"]
[BlackElo "2461"]
[Result "0-1"]
[Round "5"]
[TimeControl "180+2"]
[Date "2023.07.18"]
[WhiteClock "0:02:37"]
[BlackClock "0:02:26"]
[Board "163"]

1. e4 c5 2. Nf3 d6 3. d4 cxd4 4. Nxd4 Nf6 5. Nc3 Nc6 6. Bg5 Bd7 7. Qd2 Rc8 8. f3 Nxd4 9. Qxd4 Qa5 10. O-O-O Qxg5+ 11. Qd2 Qxd2+ 12. Rxd2 g6 13. Bb5 Bg7 14. Bxd7+ Nxd7 15. Nd5 e6 16. Nb4 Bh6 0-1


[Site "https://www.chess.com"]

[Event "Titled Tuesday Blitz July 18 Early 2023"]
[White "Nugumanov, Bakhtiyar"]
[Black "Rodriguez Fontecha, Marcos"]
[WhiteFideId "13701797"]
[BlackFideId "2256576"]
[WhiteElo "2267"]
[BlackElo "2461"]
[Result "0-1"]
[Round "5"]
[TimeControl "180+2"]
[Date "2023.07.18"]
[WhiteClock "0:01:49"]
[BlackClock "0:01:03"]
[Board "164"]

1. Nf3 Nf6 2. c4 d6 3. g3 g6 4. Bg2 Bg7 5. O-O O-O 6. Nc3 e5 7. d3 Nc6 8. Rb1 h6 9. b4 Be6 10. h3 Qd7 11. b5 Nd8 12. Kh2 Nh7 13. e4 f5 14. Nh4 Qf7 15. f4 exf4 16. Nd5 fxg3+ 17. Kh1 Bxd5 18. cxd5 Qf6 19. Bb2 Qxh4 20. Bxg7 Kxg7 21. Qc1 f4 22. Qc6 bxc6 0-1


[Site "https://www.chess.com"]

[Event "Titled Tuesday Blitz July 18 Early 2023"]
[White "Semenova, Elena"]
[Black "WindWhistler11"]
[WhiteFideId "24125148"]
[WhiteElo "2258"]
[BlackElo "2456"]
[Result "0-1"]
[Round "5"]
[TimeControl "180+2"]
[Date "2023.07.18"]
[WhiteClock "0:00:08"]
[BlackClock "0:00:05"]
[Board "165"]

1. e4 e6 2. d4 d5 3. Bd3 Nc6 4. Ne2 Nb4 5. exd5 Nxd3+ 6. Qxd3 exd5 7. O-O Be7 8. Bf4 Nf6 9. Nd2 O-O 10. Ng3 g6 11. Rfe1 Re8 12. Nf3 Bd7 13. Ne5 Be6 14. h3 Qc8 15. Re2 c5 16. dxc5 Qxc5 17. Rae1 Kg7 18. Be3 Qc7 19. Bd4 Bc5 20. Nf3 Qb6 21. c3 Rac8 22. Ng5 Bd7 23. Nf3 Bb5 24. Rxe8 Bxd3 25. Rxc8 Bxd4 26. Nxd4 Qxb2 27. Rc7 Ne4 28. Nxe4 dxe4 29. Ne6+ Kh6 30. Nd8 Qxa2 31. Nxf7+ Kh5 32. Ne5 Qd2 33. Rxh7+ Kg5 34. h4+ Kf6 35. Re3 Kxe5 36. Re7+ Kd6 37. Rxb7 Qxc3 38. Rxa7 Qc1+ 39. Kh2 Qb2 40. Kg3 Ke6 41. Rh7 Qe5+ 42. Kh3 Qf5+ 43. Kh2 Qf4+ 44. g3 Qxf2+ 45. Kh3 Bf1+ 46. Kg4 Qf5# 0-1


[Site "https://www.chess.com"]

[Event "Titled Tuesday Blitz July 18 Early 2023"]
[White "Bochnicka, Vladimir"]
[Black "rikchessmx"]
[WhiteFideId "14943450"]
[WhiteElo "2448"]
[BlackElo "2257"]
[Result "1-0"]
[Round "5"]
[TimeControl "180+2"]
[Date "2023.07.18"]
[WhiteClock "0:00:30"]
[BlackClock "0:00:00"]
[Board "166"]

1. e4 c5 2. Nf3 e6 3. g3 Nc6 4. Bg2 h5 5. h4 Nf6 6. d3 d6 7. O-O Ng4 8. c3 Be7 9. d4 Qc7 10. Re1 a6 11. a4 b6 12. Na3 Bb7 13. d5 Nd8 14. dxe6 Nxe6 15. Nc4 O-O 16. a5 b5 17. Nb6 Rad8 18. Nd5 Bxd5 19. exd5 Nd4 20. cxd4 c4 21. Bd2 Bf6 22. Bg5 Bxg5 23. Nxg5 Rfe8 24. Qc2 g6 25. Qd2 Kg7 26. Bf3 Nf6 27. Ne4 Nxd5 28. Qg5 Nb4 29. Nf6 Rxe1+ 30. Rxe1 Nd3 31. Re7 Qxe7 32. Nxh5+ Kf8 33. Qh6+ Ke8 34. Bc6+ Rd7 35. Qh8+ Qf8 36. Bxd7+ Ke7 37. Qxf8+ Kxf8 38. Nf4 Nxb2 39. Bc8 c3 40. Bxa6 c2 41. Ne2 b4 42. Bb5 b3 43. a6 Na4 44. a7 Nb6 45. Bd3 d5 46. Kf1 Ke7 47. Ke1 Kd6 48. Kd2 Kc7 49. Kc3 Kb7 50. Kxb3 Kxa7 51. Kxc2 Kb7 52. g4 Kc7 53. h5 gxh5 54. gxh5 Nd7 55. h6 Nf6 56. h7 Nxh7 57. Bxh7 1-0


[Site "https://www.chess.com"]